[Event "Titled Tuesday Blitz December 27 Early 2022"]
[White "Flynn, Jacob"]
[Black "Guevara Sanchez, Erick Marvin"]
[WhiteFideId "2509393"]
[BlackFideId "6700136"]
[WhiteElo "2102"]
[BlackElo "2073"]
[Result "1-0"]
[Round "02"]
[TimeControl "180+2"]
[Date "2022.12.27"]
[WhiteClock "0:00:13"]
[BlackClock "0:00:21"]

1. d4 Nf6 2. Nf3 e6 3. Bf4 d5 4. e3 c5 5. c3 Nc6 6. Nbd2 b6 7. Bb5 Bd7 8. O-O Be7 9. h3 O-O 10. Qe2 a6 11. Bxa6 c4 12. Bb7 Ra7 13. Bxc6 Bxc6 14. Ne5 Bd7 15. e4 Bd6 16. Nxd7 Bxf4 17. Nxf8 Qxf8 18. e5 Nd7 19. Nf3 b5 20. g3 Bh6 21. a3 g6 22. Kg2 Bg7 23. Nh2 Nb6 24. f4 Nc8 25. Rf2 Ne7 26. Raf1 Nf5 27. Nf3 Qe7 28. Rg1 h5 29. Kh2 Nh6 30. g4 hxg4 31. hxg4 f5 32. exf6 Qxf6 33. Ng5 Re7 34. Kg3 Nf7 35. Nxf7 Rxf7 36. Re1 Re7 37. Qe5 Qf7 38. Qb8+ Re8 39. Qxb5 Bf8 40. Qa4 Bd6 41. Qc2 g5 42. Qd2 Bxf4+ 43. Rxf4 gxf4+ 44. Qxf4 Qg7 45. Re5 Qb7 46. Rg5+ Kh7 47. Rh5+ Kg7 48. Qg5+ Kf8 49. Rh8+ Kf7 50. Rh7+ Kf8 51. Qf6+ Kg8 52. Rh8# 1-0


[Site "https://www.chess.com"]

[Event "Titled Tuesday Blitz December 27 Early 2022"]
[White "Forgacs, Attila Jr."]
[Black "Mitrovic, Darko R"]
[WhiteFideId "773654"]
[BlackFideId "927023"]
[WhiteElo "2264"]
[BlackElo "2220"]
[Result "1/2-1/2"]
[Round "02"]
[TimeControl "180+2"]
[Date "2022.12.27"]
[WhiteClock "0:00:11"]
[BlackClock "0:00:04"]

1. e4 e6 2. d4 d5 3. Nc3 Bb4 4. e5 Bxc3+ 5. bxc3 c5 6. Qg4 Kf8 7. Nf3 Ne7 8. Bd3 Nbc6 9. O-O b6 10. Ba3 a5 11. dxc5 Ba6 12. cxb6 Bxd3 13. cxd3 Qxb6 14. Rab1 Qa6 15. Ng5 Qxd3 16. Qf4 Qf5 17. Qxf5 exf5 18. Rb7 Re8 19. Rfb1 g6 20. Rc7 Kg7 21. e6 f6 22. Nf7 Rb8 23. Rd1 Rhc8 24. Rxe7 Nxe7 25. Bxe7 Rxc3 26. Bd6 Re8 27. Re1 Rxe6 28. Rb1 Kxf7 29. Bg3 Re7 30. h4 Kg7 31. Rd1 Rd7 32. Kf1 d4 33. f3 d3 34. Be1 Rc2 35. Bxa5 Rxa2 36. Bb4 d2 37. Ke2 Rc2 38. Ba5 Rc1 39. Bxd2 Rxd1 40. Kxd1 g5 41. hxg5 Rxd2+ 42. Kxd2 fxg5 43. Ke3 Kf6 44. Kd4 Ke6 45. g4 fxg4 46. fxg4 Kd6 47. Ke4 Ke6 48. Kd4 Kd6 49. Ke4 Ke6 50. Kd4 1/2-1/2


[Site "https://www.chess.com"]

[Event "Titled Tuesday Blitz December 27 Early 2022"]
[White "Galchenko, Matvey"]
[Black "Topalov, Aleksandar"]
[WhiteFideId "24175480"]
[BlackFideId "925659"]
[WhiteElo "2438"]
[BlackElo "2233"]
[Result "1-0"]
[Round "02"]
[TimeControl "180+2"]
[Date "2022.12.27"]
[WhiteClock "0:01:13"]
[BlackClock "0:02:02"]

1. f4 Nf6 2. Nf3 d5 3. g3 c5 4. Bg2 Nc6 5. O-O g6 6. d3 d4 7. c3 Bg7 8. e4 dxe3 9. Bxe3 Nd7 10. Qe2 O-O 11. Nbd2 Rb8 12. a4 Re8 13. Nc4 e5 14. Nfxe5 Ndxe5 15. Nxe5 Nxe5 16. fxe5 Rxe5 17. Qd2 Qe7 18. Bf4 Re2 19. Rae1 1-0


[Site "https://www.chess.com"]

[Event "Titled Tuesday Blitz December 27 Early 2022"]
[White "Garcia Ramos, Daniel"]
[Black "Roy Chowdhury, Saptarshi"]
[WhiteFideId "32010311"]
[BlackFideId "5002974"]
[WhiteElo "2442"]
[BlackElo "2273"]
[Result "1-0"]
[Round "02"]
[TimeControl "180+2"]
[Date "2022.12.27"]
[WhiteClock "0:00:13"]
[BlackClock "0:01:02"]

1. e4 c5 2. Nf3 Nc6 3. d4 cxd4 4. Nxd4 g6 5. c4 Bg7 6. Be3 Nf6 7. Nc3 O-O 8. Be2 b6 9. O-O Bb7 10. f3 Qb8 11. Qd2 Rd8 12. Rad1 d6 13. a3 Rd7 14. b4 Qf8 15. g4 e6 16. Nxc6 Bxc6 17. Bd4 Rad8 18. g5 Nh5 19. Bxg7 Nxg7 20. f4 f5 21. Bf3 Bb7 22. Rde1 a6 23. exf5 gxf5 24. Qd4 Bxf3 25. Rxf3 Rb7 26. Rfe3 Qf7 27. Ne2 b5 28. c5 Rbd7 29. c6 Rc7 30. Rc1 Rdc8 31. Qxd6 Qh5 32. Ng3 Qe8 33. Rec3 Qf7 34. Kg2 Rd8 35. Qxd8+ Ne8 36. Rd3 e5 37. Rd7 Qa2+ 38. Kh3 1-0


[Site "https://www.chess.com"]

[Event "Titled Tuesday Blitz December 27 Early 2022"]
[White "Gatterer, Florian"]
[Black "Larina, Maria"]
[WhiteFideId "811688"]
[BlackFideId "24113182"]
[WhiteElo "2170"]
[BlackElo "1948"]
[Result "0-1"]
[Round "02"]
[TimeControl "180+2"]
[Date "2022.12.27"]
[WhiteClock "0:00:01"]
[BlackClock "0:00:08"]

1. d4 f5 2. Bg5 g6 3. Nc3 Bg7 4. h4 h6 5. Bf4 d6 6. Nf3 Nf6 7. e3 O-O 8. Bc4+ e6 9. Qe2 Ne4 10. Nxe4 fxe4 11. Nd2 d5 12. Bb3 Nc6 13. c3 a5 14. O-O-O a4 15. Bc2 a3 16. b3 e5 17. dxe5 Nxe5 18. Nxe4 c6 19. Ng3 Qf6 20. Qd2 Ng4 21. Ne2 Nxf2 22. Rhf1 Nxd1 23. Qxd1 Bf5 24. Nd4 Bxc2 25. Qxc2 g5 26. hxg5 hxg5 27. Rh1 gxf4 28. Qh7+ Kf7 29. Rf1 Rh8 30. Qd3 Bh6 31. Nf5 Qg5 32. Nxh6+ Rxh6 33. Rxf4+ Ke6 34. Qe2 Rh1+ 35. Kd2 Qg6 36. Qf3 Re8 37. Rg4 Qf6 38. Rf4 Qe5 39. Qg4+ Kd6 40. Qg6+ Re6 41. Qg3 Ra1 0-1


[Site "https://www.chess.com"]

[Event "Titled Tuesday Blitz December 27 Early 2022"]
[White "Gerbelli Neto, Eduardo"]
[Black "Hirneise, Jens"]
[WhiteFideId "2103281"]
[BlackFideId "24614734"]
[WhiteElo "2114"]
[BlackElo "2277"]
[Result "0-1"]
[Round "02"]
[TimeControl "180+2"]
[Date "2022.12.27"]
[WhiteClock "0:00:01"]
[BlackClock "0:00:14"]

1. e4 d5 2. exd5 Qxd5 3. Nc3 Qd8 4. Bc4 Nf6 5. d3 Nc6 6. Bg5 Na5 7. Nf3 Nxc4 8. dxc4 Bg4 9. Qe2 Bxf3 10. Qxf3 c6 11. O-O Qa5 12. Bxf6 gxf6 13. Rfe1 O-O-O 14. a3 e6 15. Qxf6 Bd6 16. Ne4 Be5 17. Qxf7 Bxb2 18. Qxe6+ Kb8 19. Rab1 Qxa3 20. c5 Ka8 21. Nd6 Qxc5 22. Nxb7 Kxb7 23. Rxb2+ Ka8 24. Reb1 Rhe8 25. Qf7 Re7 26. Qb3 Qd6 27. Qf3 Rde8 28. g3 Rd7 29. Kg2 Rf8 30. Qe3 Qd5+ 31. Kg1 Rdf7 32. f4 Rd7 33. c3 h5 34. Re2 h4 35. Rbe1 hxg3 36. hxg3 Rh8 37. Qe4 Qc5+ 38. Re3 Qh5 39. Qg2 Qc5 0-1


[Site "https://www.chess.com"]

[Event "Titled Tuesday Blitz December 27 Early 2022"]
[White "Golizadeh, Asghar"]
[Black "Darini, Pouria"]
[WhiteFideId "12505269"]
[BlackFideId "12502200"]
[WhiteElo "2455"]
[BlackElo "2401"]
[Result "1/2-1/2"]
[Round "02"]
[TimeControl "180+2"]
[Date "2022.12.27"]
[WhiteClock "0:00:09"]
[BlackClock "0:00:07"]

1. e4 c5 2. Nc3 Nc6 3. Bb5 Nd4 4. Nf3 a6 5. Bd3 g6 6. Rb1 Nc6 7. a3 b5 8. b4 c4 9. Be2 Bg7 10. Bb2 Bb7 11. O-O e6 12. Nxb5 Bxb2 13. Nd6+ Kf8 14. Nxb7 Qc7 15. Rxb2 Qxb7 16. Bxc4 Qc7 17. Be2 Nf6 18. d3 d5 19. exd5 exd5 20. Qd2 Kg7 21. Qc3 Qd6 22. Qc5 Qd7 23. Qc3 d4 24. Qb3 Nd5 25. Nd2 Nc3 26. Bf3 Rab8 27. Bxc6 Qxc6 28. Qc4 Qd6 29. Ne4 Nxe4 30. dxe4 Rhc8 31. Qd5 Qxd5 32. exd5 Rd8 33. Rd1 Rxd5 34. Rb3 Rc8 35. Rd2 a5 36. g3 axb4 37. axb4 Rc4 38. b5 Rd7 39. b6 Rb7 40. Rb5 Rc6 41. Rxd4 Rcxb6 42. Rxb6 Rxb6 43. Rc4 Rb2 44. Rc8 h5 45. h4 Kf6 46. Kg2 Ke6 47. Kf3 Rb1 48. c4 Rc1 49. c5 Kd7 50. Rf8 Ke7 51. Rc8 Kd7 52. Ra8 Rxc5 53. Ke4 Rf5 54. Ra7+ Ke6 55. f4 Kf6 56. Ra8 Kg7 57. Ra6 Rb5 58. Ra3 Kf6 59. Kf3 Rb4 60. Rd3 Kf5 61. Rd5+ Kf6 62. Re5 Rb3+ 63. Kg2 Rb2+ 64. Kh3 Rb3 65. Rg5 Rb2 66. f5 Rc2 67. fxg6 fxg6 68. Ra5 Rc6 69. g4 Rc3+ 70. Kg2 hxg4 71. Rg5 g3 72. Rxg3 Rc2+ 73. Kh3 Rf2 74. Kg4 Rf5 75. Rf3 Rxf3 76. Kxf3 Kf5 77. Kg3 g5 78. h5 Kf6 79. Kg4 Kg7 80. Kxg5 Kh8 81. h6 Kg8 82. Kg6 Kh8 83. h7 1/2-1/2


[Site "https://www.chess.com"]

[Event "Titled Tuesday Blitz December 27 Early 2022"]
[White "Goltseva, Ekaterina"]
[Black "Baskakov, Egor"]
[WhiteFideId "24173770"]
[BlackFideId "24197866"]
[WhiteElo "2283"]
[BlackElo "2215"]
[Result "0-1"]
[Round "02"]
[TimeControl "180+2"]
[Date "2022.12.27"]
[WhiteClock "0:00:01"]
[BlackClock "0:00:42"]

1. d4 Nf6 2. c4 e6 3. Nc3 d5 4. Nf3 Ne4 5. Qd3 f5 6. g3 c6 7. Bg2 Be7 8. Bf4 O-O 9. Ne5 Nd7 10. f3 Nxc3 11. Qxc3 g5 12. Nxd7 Bxd7 13. Be5 Bf6 14. Bxf6 Qxf6 15. O-O-O f4 16. Kb1 Be8 17. Ka1 Bg6 18. c5 Rae8 19. e3 e5 20. gxf4 exf4 21. exf4 Qxf4 22. Rd2 Qxh2 23. Qc1 Qf4 24. a3 Re3 25. Rf1 Rfe8 26. Bh3 Rxf3 27. Rh1 Ree3 28. Bg2 Rg3 29. Rf1 Qg4 30. Rdf2 Re8 31. Qd2 Rge3 32. Bh1 Re2 33. Qc1 Rxf2 34. Rxf2 Qxd4 35. Qf1 Qxc5 36. Bg2 Qe7 37. Ka2 Rf8 38. Rxf8+ Qxf8 39. Qe2 Qf6 40. Bh3 Bf7 41. Bd7 h5 42. Qg2 g4 43. Qg3 d4+ 44. b3 Kg7 45. Bc8 Qe7 46. Bxg4 Qg5 47. Qe5+ Qxe5 0-1


[Site "https://www.chess.com"]

[Event "Titled Tuesday Blitz December 27 Early 2022"]
[White "Goncalves, Davi Sulzbacher"]
[Black "Andreassen, Lars"]
[WhiteFideId "2154510"]
[BlackFideId "1504878"]
[WhiteElo "2282"]
[BlackElo "2168"]
[Result "1-0"]
[Round "02"]
[TimeControl "180+2"]
[Date "2022.12.27"]
[WhiteClock "0:00:42"]
[BlackClock "0:01:45"]

1. d4 d5 2. c4 e6 3. Nc3 c5 4. cxd5 cxd4 5. Qxd4 Nc6 6. Qd1 exd5 7. Qxd5 Bd7 8. Bg5 Nf6 9. Qf3 Qb6 10. O-O-O O-O-O 11. Bxf6 gxf6 12. e3 Bb4 13. Qxf6 Be6 14. Nf3 Rhg8 15. Rxd8+ Rxd8 16. Be2 Bxc3 17. Qxc3 Bxa2 18. Rd1 Rxd1+ 19. Bxd1 Be6 20. Nd4 Bd7 21. Bf3 Kc7 22. Nxc6 bxc6 23. Qe5+ Kc8 24. Qe7 Qb3 25. Qc5 Kb7 26. h4 Qa4 27. Qd4 Be6 28. Qxa4 1-0


[Site "https://www.chess.com"]

[Event "Titled Tuesday Blitz December 27 Early 2022"]
[White "Grigorov, Grigor"]
[Black "Graca, Robert"]
[WhiteFideId "2907313"]
[BlackFideId "644943"]
[WhiteElo "2510"]
[BlackElo "2270"]
[Result "1-0"]
[Round "02"]
[TimeControl "180+2"]
[Date "2022.12.27"]
[WhiteClock "0:01:05"]
[BlackClock "0:00:32"]

1. Nf3 Nf6 2. d4 c5 3. d5 b5 4. Bg5 d6 5. Bxf6 gxf6 6. e4 b4 7. Nbd2 f5 8. Bd3 Bg7 9. exf5 Bxb2 10. Rb1 Bg7 11. Nc4 a5 12. O-O Nd7 13. Re1 Kf8 14. Ng5 h6 15. Ne4 Ne5 16. Qh5 Bb7 17. Nxe5 dxe5 18. Bc4 Ba6 19. Bxa6 Rxa6 20. Nxc5 Ra8 21. Rbd1 Rc8 22. Ne4 Rxc2 23. d6 Bf6 24. dxe7+ Qxe7 25. Rd6 Bg5 26. f6 Qc7 27. Nxg5 Rc1 28. Rd8+ Qxd8 29. Qxf7# 1-0


[Site "https://www.chess.com"]

[Event "Titled Tuesday Blitz December 27 Early 2022"]
[White "Gulevich, Artem"]
[Black "Zakhartsov, Vladimir"]
[WhiteFideId "24119580"]
[BlackFideId "4145097"]
[WhiteElo "2304"]
[BlackElo "2552"]
[Result "0-1"]
[Round "02"]
[TimeControl "180+2"]
[Date "2022.12.27"]
[WhiteClock "0:00:04"]
[BlackClock "0:00:03"]

1. Nf3 g6 2. d4 Bg7 3. b3 c5 4. Bb2 cxd4 5. Nxd4 Nf6 6. e3 O-O 7. Be2 b6 8. Bf3 d5 9. O-O Bb7 10. c4 e5 11. Nb5 e4 12. Be2 Nc6 13. cxd5 Nxd5 14. Bxg7 Kxg7 15. N1c3 Nxc3 16. Nxc3 Qe7 17. Qc2 f5 18. Rfd1 Ne5 19. Nb5 Kh6 20. Nd6 Bc6 21. Nc4 Rac8 22. Nxe5 Qxe5 23. Rac1 Bb7 24. Qd2 Rfd8 25. Qxd8 Rxd8 26. Rxd8 Qb2 27. Re1 Qxa2 28. Bc4 b5 29. Be6 a5 30. Rd6 Kg5 31. g3 Qa3 32. Red1 a4 33. bxa4 bxa4 34. h4+ Kg4 35. Kg2 Qb2 36. R1d2 Qb1 37. Bf7 a3 38. Bxg6 hxg6 39. Rxg6+ Kh5 40. Rg5+ Kh6 41. Rd8 Kh7 42. Rdg8 Qb2 43. h5 a2 44. h6 a1=Q 45. R5g7+ Qxg7 46. Rxg7+ Kxh6 47. Rxb7 Kg5 48. Rg7+ Qxg7 0-1


[Site "https://www.chess.com"]

[Event "Titled Tuesday Blitz December 27 Early 2022"]
[White "Gurevich, Dmitry"]
[Black "Danaci, Ege"]
[WhiteFideId "2000407"]
[BlackFideId "34506748"]
[WhiteElo "2393"]
[BlackElo "2088"]
[Result "1-0"]
[Round "02"]
[TimeControl "180+2"]
[Date "2022.12.27"]
[WhiteClock "0:00:13"]
[BlackClock "0:00:03"]

1. d4 Nf6 2. c4 g6 3. Nc3 Bg7 4. e4 O-O 5. Nf3 d6 6. Be2 e5 7. O-O exd4 8. Nxd4 Re8 9. f3 Nc6 10. Be3 Nh5 11. Qd2 Nf4 12. Rad1 Nxe2+ 13. Qxe2 Ne5 14. b3 Bd7 15. Kh1 Nc6 16. Qd2 Nxd4 17. Bxd4 Bc6 18. b4 b6 19. a4 Bf8 20. b5 Bb7 21. Nd5 Bxd5 22. cxd5 a6 23. Bb2 axb5 24. Qc3 f6 25. axb5 Bg7 26. Rc1 Re7 27. Qc4 Qd7 28. Qc6 Ra2 29. Bd4 Qd8 30. h3 Ra4 31. Rc4 Rxc4 32. Qxc4 Qd7 33. Ra1 h5 34. Ra8+ Kh7 35. g4 hxg4 36. hxg4 f5 37. Bxg7 Kxg7 38. Qd4+ Kh6 39. Qf6 fxg4 40. Rh8+ Rh7 41. Qh4+ 1-0


[Site "https://www.chess.com"]

[Event "Titled Tuesday Blitz December 27 Early 2022"]
[White "Hartikainen, Jarmo"]
[Black "Karas, Marek"]
[WhiteFideId "503134"]
[BlackFideId "14928558"]
[WhiteElo "2108"]
[BlackElo "2227"]
[Result "0-1"]
[Round "02"]
[TimeControl "180+2"]
[Date "2022.12.27"]
[WhiteClock "0:00:02"]
[BlackClock "0:00:07"]

1. e4 g6 2. d4 Bg7 3. Nc3 a6 4. Be3 b5 5. Qd2 Bb7 6. f3 d6 7. g4 Nd7 8. h4 h5 9. g5 e6 10. Bh3 Ne7 11. Nge2 Nb6 12. b3 O-O 13. Rg1 Rc8 14. Rd1 c5 15. dxc5 dxc5 16. Qxd8 Rfxd8 17. Kf2 Nd7 18. Rd6 Be5 19. Rd2 c4 20. Rgd1 Bc6 21. b4 Bc7 22. a3 Nb6 23. Rxd8+ Rxd8 24. Rxd8+ Bxd8 25. Nd4 Bd7 26. f4 Bc7 27. Kf3 Bc8 28. Bg2 Bb7 29. Kf2 Nd7 30. Bf3 e5 31. Nde2 exf4 32. Nxf4 Be5 33. Nfd5 Nxd5 34. Nxd5 Bb2 35. c3 Bxa3 36. Ke2 Ne5 37. Bg2 Bb2 38. Kd2 Nd3 39. Bd4 Bc1+ 40. Kc2 Bf4 41. Bh1 Bg3 42. Nf6+ Kf8 43. Bf3 Ne1+ 44. Kd1 Nxf3 45. Bc5+ Kg7 46. e5 Nxe5 47. Ne8+ Kh8 48. Nd6 Bd5 49. Bd4 Kg8 50. Ke2 Bxh4 51. Bxe5 Bxg5 52. Nc8 f6 53. Bd4 Kf7 54. Nb6 Bb7 55. Nd7 h4 56. Nc5 Bc8 57. Kf2 Bf4 58. Kg1 g5 59. Ne4 f5 0-1


[Site "https://www.chess.com"]

[Event "Titled Tuesday Blitz December 27 Early 2022"]
[White "Herman, Daniel"]
[Black "Kamsky, Gata"]
[WhiteFideId "30935008"]
[BlackFideId "2000024"]
[WhiteElo "1956"]
[BlackElo "2665"]
[Result "0-1"]
[Round "02"]
[TimeControl "180+2"]
[Date "2022.12.27"]
[WhiteClock "0:00:03"]
[BlackClock "0:00:02"]

1. Nc3 d5 2. e4 c6 3. Nf3 Bg4 4. h3 Bxf3 5. Qxf3 e6 6. d3 Nd7 7. g4 Bc5 8. Bg2 Ne7 9. h4 a5 10. h5 h6 11. Qg3 a4 12. a3 Qb6 13. O-O f6 14. Kh1 d4 15. Ne2 e5 16. f4 Bd6 17. c3 c5 18. c4 Qc7 19. f5 O-O 20. Rb1 b5 21. cxb5 Rfb8 22. Bd2 Rxb5 23. Rfc1 Qb7 24. Rc2 Kh7 25. Ng1 Rb3 26. Bf1 Kh8 27. Nf3 Ng8 28. Nh4 Ne7 29. Ng6+ Kh7 30. Qf2 Rb8 31. Be1 Qc7 32. Rbc1 Nc6 33. g5 fxg5 34. Be2 Nf6 35. Bd1 Nd8 36. Qd2 Nf7 37. Qa5 Qxa5 38. Bxa5 Rxd3 39. Rc4 Nxh5 40. Bxa4 Ng3+ 41. Kg2 Nxe4 42. b4 Rg3+ 43. Kh2 Rxa3 44. bxc5 Nxc5 45. Bc6 Rxa5 46. Bd5 e4+ 47. Kh3 Ne5 48. Rxd4 Nxg6 49. fxg6+ Kxg6 50. Rxe4 Nxe4 51. Bxe4+ 0-1


[Site "https://www.chess.com"]

[Event "Titled Tuesday Blitz December 27 Early 2022"]
[White "Hnydiuk, Aleksander"]
[Black "Wagner, Dennis"]
[WhiteFideId "1109057"]
[BlackFideId "24650684"]
[WhiteElo "2363"]
[BlackElo "2595"]
[Result "1-0"]
[Round "02"]
[TimeControl "180+2"]
[Date "2022.12.27"]
[WhiteClock "0:00:09"]
[BlackClock "0:00:06"]

1. e4 c5 2. Nf3 d6 3. d4 cxd4 4. Nxd4 Nf6 5. Nc3 a6 6. Be3 e5 7. Nb3 Be7 8. Qd2 Ng4 9. g3 Nxe3 10. Qxe3 O-O 11. O-O-O Be6 12. Kb1 Nd7 13. f4 b5 14. Nd5 Bxd5 15. Rxd5 Nb6 16. Rd1 Qc7 17. Bd3 Nc4 18. Qe2 a5 19. c3 a4 20. Bxc4 bxc4 21. Nd2 Rfc8 22. a3 Rab8 23. Nf1 Qb7 24. Rd5 Qb3 25. Ka1 Bd8 26. Ne3 Bb6 27. Nf5 Rc7 28. Rhd1 Bc5 29. Rxc5 dxc5 30. fxe5 Rcb7 31. Rd2 g6 32. Nd6 Re7 33. Nxc4 Qb5 34. g4 Qc6 35. h4 Rd7 36. Rd6 Rxd6 37. exd6 Qd7 38. h5 Qe6 39. hxg6 hxg6 40. e5 Kg7 41. Qd3 Rh8 42. Qe4 Rh4 43. Ne3 Rh2 44. Nd5 Rd2 45. c4 Rd4 46. Qf3 Rxc4 47. Qf6+ Kh6 48. Qh4+ Kg7 49. Qf6+ Kh7 50. Qxe6 fxe6 51. d7 exd5 52. d8=Q Rd4 53. e6 c4 54. e7 c3 55. bxc3 Rd1+ 56. Kb2 Rd2+ 57. Kc1 Re2 58. e8=Q Re1+ 59. Qxe1 g5 60. Qee7+ Kg6 61. Qdd6# 1-0


[Site "https://www.chess.com"]

[Event "Titled Tuesday Blitz December 27 Early 2022"]
[White "Hsu, Li Yang"]
[Black "Delorme, Alban"]
[WhiteFideId "5800080"]
[BlackFideId "623636"]
[WhiteElo "2427"]
[BlackElo "2298"]
[Result "1-0"]
[Round "02"]
[TimeControl "180+2"]
[Date "2022.12.27"]
[WhiteClock "0:00:47"]
[BlackClock "0:00:01"]

1. Nf3 Nf6 2. g3 g6 3. Bg2 Bg7 4. O-O O-O 5. d4 d5 6. c4 c6 7. cxd5 cxd5 8. Nc3 Nc6 9. Ne5 Nd7 10. Nxd5 Ndxe5 11. dxe5 Bxe5 12. Bh6 Bg7 13. Bxg7 Kxg7 14. Qb3 Qa5 15. Rfd1 Rb8 16. Nf4 e5 17. Bxc6 exf4 18. gxf4 Be6 19. Bd5 Bxd5 20. Rxd5 Qa6 21. Qd3 Qf6 22. Qd4 Rfd8 23. Qxf6+ Kxf6 24. Rad1 Rxd5 25. Rxd5 Ke6 26. Rd2 Rc8 27. Kg2 Rc6 28. a3 b5 29. Kf3 Rb6 30. Rd4 a5 31. h4 b4 32. axb4 Rxb4 33. Rxb4 axb4 34. e4 f6 35. Ke3 h5 36. Kd4 Kd6 37. e5+ Ke6 38. Ke4 Ke7 39. b3 g5 40. exf6+ Kxf6 41. fxg5+ 1-0


[Site "https://www.chess.com"]

[Event "Titled Tuesday Blitz December 27 Early 2022"]
[White "Iljin, Timofey"]
[Black "Vakhlamov, Igor L."]
[WhiteFideId "14110180"]
[BlackFideId "24126748"]
[WhiteElo "2329"]
[BlackElo "2413"]
[Result "0-1"]
[Round "02"]
[TimeControl "180+2"]
[Date "2022.12.27"]
[WhiteClock "0:00:08"]
[BlackClock "0:00:22"]

1. e4 c5 2. c3 g6 3. d4 cxd4 4. cxd4 Bg7 5. Nf3 Nf6 6. Nc3 O-O 7. Bc4 Nxe4 8. Bxf7+ Rxf7 9. Nxe4 d5 10. Neg5 Rf8 11. Qe2 Qd6 12. Ne5 Nc6 13. Nxc6 bxc6 14. h3 Bxd4 15. Nf3 Bg7 16. O-O e5 17. Bd2 a5 18. Rfc1 e4 19. Nh2 Bxb2 20. Bf4 Qf6 21. Bh6 Ba6 22. Qd2 Bxa1 23. Bxf8 Rxf8 24. Ng4 Qg7 25. Rxc6 Bc4 26. Qxa5 Bc3 27. Rc7 Bxa5 28. Rxg7+ Kxg7 29. Ne5 Bb6 30. Nd7 Bxf2+ 31. Kh2 Bxa2 32. Ne5 Bc5 33. Ng4 e3 34. Nxe3 Bxe3 35. h4 d4 36. h5 gxh5 37. g4 d3 38. Kg3 d2 39. gxh5 Kh8 40. h6 d1=Q 41. Kh4 Qh1+ 42. Kg4 Rf4+ 43. Kg5 Qh4# 0-1


[Site "https://www.chess.com"]

[Event "Titled Tuesday Blitz December 27 Early 2022"]
[White "Itgelt, Khuyagtsogt"]
[Black "Viskelis, Darius"]
[WhiteFideId "4902912"]
[BlackFideId "12800830"]
[WhiteElo "2261"]
[BlackElo "2166"]
[Result "1-0"]
[Round "02"]
[TimeControl "180+2"]
[Date "2022.12.27"]
[WhiteClock "0:02:00"]
[BlackClock "0:00:02"]

1. Nf3 d5 2. d4 Nf6 3. Bf4 Bf5 4. e3 e6 5. Bd3 Bxd3 6. Qxd3 Bd6 7. Bg3 O-O 8. Nbd2 c5 9. c3 Nc6 10. O-O Bxg3 11. hxg3 Re8 12. Rfe1 e5 13. dxe5 Nxe5 14. Nxe5 Rxe5 15. Nf3 Re6 16. c4 dxc4 17. Qxc4 Qe7 18. Red1 b6 19. Ng5 Re5 20. Nf3 Re4 21. Qa6 Ng4 22. Rd2 Rxe3 23. fxe3 Qxe3+ 24. Kf1 Nh2+ 25. Nxh2 Qxd2 26. Qe2 Qg5 27. Re1 h5 28. Qe5 Qd2 29. Nf3 Qd3+ 30. Qe2 Qd6 31. Kf2 Rd8 32. b3 g6 33. Qe3 Qd5 34. Re2 Qd6 35. a4 Qf6 36. Kg1 Rd1+ 37. Kh2 Qa1 38. Qe8+ Kg7 39. Qe5+ Qxe5 40. Nxe5 Rb1 41. Re3 Rb2 42. Nc6 a5 43. Ne5 f6 44. Nc4 g5 45. Nxb2 c4 46. Nxc4 1-0


[Site "https://www.chess.com"]

[Event "Titled Tuesday Blitz December 27 Early 2022"]
[White "Jenkins, Drake"]
[Black "Yaniuk, Volodymyr"]
[WhiteFideId "2022397"]
[BlackFideId "14133083"]
[WhiteElo "2130"]
[BlackElo "2223"]
[Result "0-1"]
[Round "02"]
[TimeControl "180+2"]
[Date "2022.12.27"]
[WhiteClock "0:00:01"]
[BlackClock "0:00:02"]

1. Nf3 d5 2. c4 d4 3. b4 g6 4. g3 Bg7 5. d3 a5 6. b5 e5 7. Bg2 Ne7 8. O-O O-O 9. a4 Bg4 10. Ba3 c6 11. Nbd2 Nd7 12. bxc6 bxc6 13. h3 Bf5 14. Nh4 Rc8 15. Nxf5 Nxf5 16. Bxf8 Bxf8 17. c5 Bxc5 18. Rc1 Bb4 19. Rxc6 Nc5 20. Rxc8 Qxc8 21. Nc4 Qe6 22. Qc2 Nd7 23. Nd2 Nd6 24. Ne4 Nxe4 25. Bxe4 Nc5 26. Bg2 Kg7 27. Rb1 Bc3 28. Rb5 Qd6 29. Qa2 Na6 30. Rb7 Qf6 31. Bd5 Nb4 32. Qc4 Nxd5 33. Qxd5 Be1 34. Qf3 Qe6 35. Kg2 h5 36. Rb5 Bb4 37. Qd5 Kf6 38. Qxe6+ Kxe6 39. f4 exf4 40. gxf4 Bc3 41. Kf3 Kd6 42. f5 Ke7 43. fxg6 fxg6 44. Kf4 Kf7 45. Rb7+ Kf6 46. Rb6+ Kf7 47. Ke4 Kg7 48. Rb5 Kf6 49. h4 Be1 50. Kxd4 Bxh4 51. Rxa5 Bg3 52. Ke4 g5 53. Ra6+ Kg7 54. Kf3 Be1 55. Rc6 g4+ 56. Kg2 h4 57. Rc4 h3+ 58. Kf1 g3 59. Kxe1 h2 60. Rg4+ Kf7 61. Rh4 g2 62. Rxh2 g1=Q+ 0-1


[Site "https://www.chess.com"]

[Event "Titled Tuesday Blitz December 27 Early 2022"]
[White "Johnson, Ben"]
[Black "Ramirez Vido, Robert Yorisan"]
[WhiteFideId "2010917"]
[BlackFideId "3513823"]
[WhiteElo "1961"]
[BlackElo "2015"]
[Result "0-1"]
[Round "02"]
[TimeControl "180+2"]
[Date "2022.12.27"]
[WhiteClock "0:00:02"]
[BlackClock "0:00:04"]

1. e4 c5 2. Nf3 Nc6 3. c3 d5 4. exd5 Qxd5 5. d4 cxd4 6. cxd4 Bg4 7. Be2 Nf6 8. Nc3 Qa5 9. d5 Bxf3 10. Bxf3 Ne5 11. O-O g6 12. Bf4 Nxf3+ 13. Qxf3 Bg7 14. Rfe1 O-O 15. Rxe7 Qb4 16. Re2 Rfd8 17. Rd1 Rd7 18. h3 Rad8 19. Be5 Nh5 20. Bxg7 Nxg7 21. a3 Qb3 22. Rde1 Nf5 23. g4 Nd4 24. Re8+ Kg7 25. Qd3 Rxd5 26. Rxd8 Rxd8 27. Re4 Ne6 28. Qg3 Qxb2 29. Qe5+ Kg8 30. h4 Rc8 31. Re3 Qc1+ 32. Kg2 Qb2 33. h5 Rc5 34. Qf6 Qb6 35. h6 Qc6+ 36. Kh2 Qc7+ 37. Kg1 Rc6 38. Rxe6 fxe6 39. Ne4 Rc1+ 40. Kg2 Rd1 41. Qxe6+ Qf7 42. Qc8+ Qf8 0-1


[Site "https://www.chess.com"]

[Event "Titled Tuesday Blitz December 27 Early 2022"]
[White "Kabanov, Nikolai"]
[Black "Almeida Junior, Alvaro Alves de"]
[WhiteFideId "4127820"]
[BlackFideId "2149974"]
[WhiteElo "2429"]
[BlackElo "2062"]
[Result "1-0"]
[Round "02"]
[TimeControl "180+2"]
[Date "2022.12.27"]
[WhiteClock "0:00:11"]
[BlackClock "0:00:04"]

1. e4 c5 2. Nf3 d6 3. d4 cxd4 4. Nxd4 Nf6 5. Nc3 a6 6. Be2 e5 7. Nb3 Be6 8. O-O Be7 9. Qd3 Nbd7 10. Bd2 Rc8 11. Nd5 Bxd5 12. exd5 Qc7 13. Rfc1 b5 14. a4 bxa4 15. Rxa4 O-O 16. Rxa6 Qb7 17. Na5 Qxb2 18. Nc6 Rfe8 19. Ra7 Bf8 20. c4 Nc5 21. Qc2 Qxc2 22. Rxc2 Ra8 23. Rca2 Rxa7 24. Rxa7 Nb3 25. Be3 Ne4 26. Bg4 Nbc5 27. f3 Nf6 28. Bh3 Nd3 29. Kf1 Nb2 30. Na5 Rb8 31. Ke2 Rb4 32. Bd2 Ra4 33. Rc7 g6 34. Rc8 Kg7 35. Bc3 Ra2 36. Bxb2 Rxb2+ 37. Kd3 Be7 38. Nc6 Bf8 39. Rc7 Nh5 40. g3 Rxh2 41. Be6 Kh6 42. Rxf7 Bg7 43. c5 dxc5 44. d6 Rh1 45. Kc2 Rh2+ 46. Kd3 Rh1 47. d7 Rd1+ 48. Kc4 Rd6 49. d8=Q Rxd8 50. Nxd8 e4 51. fxe4 Nf6 52. Bd5 Ne8 53. Ne6 Nd6+ 54. Kxc5 Nxf7 55. Nxg7 Ne5 56. Ne6 Nd3+ 57. Kd6 Nf2 58. e5 g5 59. Nd4 Kg6 60. e6 Kf6 61. e7 1-0


[Site "https://www.chess.com"]

[Event "Titled Tuesday Blitz December 27 Early 2022"]
[White "Kalashian, David"]
[Black "Levitan, Caleb Levi"]
[WhiteFideId "13302418"]
[BlackFideId "14332620"]
[WhiteElo "2398"]
[BlackElo "2129"]
[Result "0-1"]
[Round "02"]
[TimeControl "180+2"]
[Date "2022.12.27"]
[WhiteClock "0:01:42"]
[BlackClock "0:00:20"]

1. d4 Nf6 2. c4 e6 3. Nf3 d5 4. Nc3 Bb4 5. Bg5 c6 6. Bxf6 Qxf6 7. e3 O-O 8. Bd3 Nd7 9. O-O e5 10. cxd5 Bxc3 11. dxc6 Qxc6 12. bxc3 e4 13. Ng5 exd3 14. Qxd3 Qg6 15. Qxg6 hxg6 16. Ne4 Nf6 17. Nxf6+ gxf6 18. c4 Bd7 19. a4 Rac8 20. Rfc1 Rc7 21. a5 Rfc8 22. c5 b6 23. axb6 axb6 24. Rd1 bxc5 25. dxc5 Be6 26. h3 Rxc5 27. Ra4 Bb3 0-1


[Site "https://www.chess.com"]